 Dungeon Crawl Stone Soup version 0.22.1-1-ga44c0e56f4 (webtiles) character file.

3693 Jynx the Transmogrifier (level 10, -13/58 HPs)
             Began as an Octopode Transmuter on Nov 3, 2018.
             Was a Believer of Ashenzari.
             Mangled by a two-headed ogre
             ... wielding a +0 dire flail
              (27 damage)
             ... on level 9 of the Dungeon.
             The game lasted 00:16:57 (9741 turns).

Jynx the Transmogrifier (Octopode Transmuter)       Turns: 9741, Time: 00:16:57

Health: -13/58     AC:  2    Str: 14    XL:     10   Next: 13%
Magic:  20/20      EV: 27    Int: 16    God:    Ashenzari [**....]
Gold:   510        SH:  0    Dex: 19    Spells: 7/22 levels left

rFire    . . .     SeeInvis .     - Unarmed
rCold    . . .     Gourm    .   (shield currently unavailable)
rNeg     . . .     Faith    .   (helmet currently unavailable)
rPois    x         Spirit   .   (no amulet)
rElec    .         Reflect  .   i - +3 ring of strength (curse)
rCorr    .         Harm     .   m - +2 ring of slaying (curse)
MR       .....                  (no ring)
Stlth    ++........             (no ring)
HPRegen  0.19/turn              (no ring)
MPRegen  0.17/turn              (no ring)
                                (no ring)
                                (no ring)

@: spider-form
A: tiny, almost no armour, stealthy swim, (amphibious), 8 rings, (constrict 8)
a: End Transformation, Curse Item, Scrying, Renounce Religion


You were on level 9 of the Dungeon.
You worshipped Ashenzari.
Ashenzari was pleased with you.
You were near starving.
You were a venomous arachnid creature.
You visited 2 branches of the dungeon, and saw 10 of its levels.

You collected 510 gold pieces.

Inventory:

Missiles
 a - 135 arrows
Jewellery
 i - a cursed +3 ring of strength (left front leg)
 m - a cursed +2 ring of slaying (right front leg)
 D - an uncursed amulet of harm
Wands
 p - a wand of flame (47)
 x - a wand of polymorph (16)
 y - a wand of iceblast (8)
Scrolls
 e - 3 scrolls of immolation {unknown}
 h - 3 scrolls of teleportation {unknown}
 j - 3 scrolls of remove curse
 l - 2 scrolls of magic mapping {unknown}
 n - 3 scrolls of amnesia {unknown}
 o - 5 scrolls of blinking {unknown}
 r - a scroll of enchant weapon {unknown}
 s - a scroll of noise {unknown}
 u - 2 scrolls of random uselessness {unknown}
 z - a scroll of enchant armour {unknown}
 B - 2 scrolls of torment {unknown}
 C - a scroll of fear {unknown}
 F - a scroll of fog {unknown}
Potions
 b - 2 potions of agility
 d - a potion of flight {unknown}
 f - 8 potions of curing
 g - a potion of magic {unknown}
 k - 2 potions of mutation {unknown}
 t - a potion of berserk rage {unknown}
 v - a potion of lignification {unknown}
 w - a potion of haste {unknown}
 A - a potion of degeneration {unknown}
 E - a potion of ambrosia {unknown}
 G - a potion of invisibility {unknown}
Comestibles
 c - 14 rations


   Skills:
 - Level 1.0 Fighting
 + Level 7.3 Dodging
 - Level 3.0 Unarmed Combat
 + Level 6.8 Spellcasting
 * Level 10.2 Transmutations


You had 7 spell levels left.
You knew the following spells:

 Your Spells              Type           Power        Failure   Level  Hunger
a - Beastly Appendage     Tmut           #####.       2%          1    None
b - Sticks to Snakes      Tmut           #####...     2%          2    None
c - Spider Form           Tmut/Pois      ###.......   14%         3    ##.....
d - Blade Hands           Tmut           #####.....   14%         5    #####..
e - Ice Form              Ice/Tmut       ###.....     34%         4    ####...

Your spell library contained the following spells:

 Spells                   Type           Power        Failure   Level  Hunger
 Freeze                   Ice            #...         30%         1    None
 Throw Frost              Conj/Ice       #.....       38%         2    None
 Ozocubu's Armour         Chrm/Ice       #.......     58%         3    ##.....
 Summon Ice Beast         Ice/Summ       #.......     90%         4    ####...
 Throw Icicle             Conj/Ice       #.......     90%         4    ####...


Dungeon Overview and Level Annotations

Branches:
Dungeon (9/15)             Temple (1/1) D:4
   Lair: D:8-11         Orc: D:9-12

Altars:
Ashenzari
Cheibriados
Dithmenos
Elyvilon
Fedhas
Gozag
Hepliaklqana
Kikubaaqudgha
Makhleb
Nemelex Xobeh
Okawaru
Qazlal
Ru
Sif Muna
Trog
Uskayaw
Vehumet
Wu Jian
Xom
Yredelemnul

Shops:
D:5 }   D:8 [


Innate Abilities, Weirdness & Mutations

You cannot wear most types of armour.
You are very stealthy in the water. (Stealth+)
((You are amphibious.))
You can wear up to eight rings at the same time.
((You can use your tentacles to constrict eight enemies at once.))
((Your skin changes colour to match your surroundings (Stealth+).))
((Your rubbery body absorbs attacks. (AC +1, EV +1)))


Message History

There is a stone staircase leading down here.
You climb downwards.
The two-headed ogre shouts in stereo!
The two-headed ogre is too close now for your liking.
There is a stone staircase leading up here.
You hit the two-headed ogre but do no damage.
The two-headed ogre hits you with a dire flail!!
The two-headed ogre hits you with a giant spiked club!!
* * * LOW HITPOINT WARNING * * *
Okay, then.
Unknown command.
You hit the two-headed ogre.
The two-headed ogre is poisoned.
The two-headed ogre is lightly wounded.
The two-headed ogre misses you. x2
Found a cursed dagger.
An adder skeleton comes into view.
You hit the two-headed ogre.
The two-headed ogre looks even sicker.
The two-headed ogre is moderately wounded.
The two-headed ogre hits you with a dire flail!!
You die...

#.>.## #.........
#....# #.........
####....#
#........
........# #.......
........# #....#
........#####....#
.........<.......#
........#######O.#
........# #.s#
........#
#....Z....
.....<..#
#.........
..#######
#.......). ###
########.. #


You could see a two-headed ogre and an adder skeleton.

Vanquished Creatures
  Erica (D:8)
  Pikel (D:7)
  A hippogriff (D:7)
  3 orc warriors
  2 phantoms
  An eye of draining (D:5)
  2 ogres
  3 centaurs
  A big kobold (D:8)
  3 bullfrogs
  2 scorpions (D:5)
  2 killer bees (D:8)
  4 wights (D:6)
  A bullfrog zombie (D:5)
  A centaur zombie (D:8)
  2 hounds
  4 crimson imps
  2 bullfrog skeletons (D:6)
  An orc priest (D:7)
  A centaur skeleton (D:6)
  3 orc wizards (D:7)
  5 worker ants
  A hound skeleton (D:4)
  A worker ant zombie (D:7)
  10 adders
  3 gnolls (D:5)
  A howler monkey skeleton (D:5)
  4 shadow imps
  An ooze (D:3)
  An adder skeleton (D:4)
  2 worms
  3 leopard geckos
  21 orcs
  4 giant cockroaches
  13 goblins
  9 hobgoblins
  2 jackals (D:4)
  2 quokkas
  3 ball pythons
  7 bats
  4 frilled lizards
  2 jackal skeletons (D:6)
  10 kobolds
  A quokka skeleton (D:4)
  A quokka zombie (D:5)
  4 rats
156 creatures vanquished.

Vanquished Creatures (others)
  A slave (D:7)
  An ogre (D:7)
  An orc (D:7)
  A leopard gecko zombie (D:7)
4 creatures vanquished.

Grand Total: 160 creatures vanquished

Notes
Turn   | Place    | Note
-------+----------+-------------------------------------------
     0 | D:1      | Jynx the Octopode Transmuter began the quest for the Orb.
     0 | D:1      | Reached XP level 1. HP: 13/13 MP: 3/3
   454 | D:1      | Reached XP level 2. HP: 18/18 MP: 5/5
   938 | D:1      | Reached XP level 3. HP: 23/23 MP: 4/6
  1402 | D:2      | Reached skill level 3 in Transmutations
  2033 | D:3      | Reached XP level 4. HP: 26/28 MP: 5/7
  2312 | D:3      | Found an iron altar of Okawaru.
  2598 | D:4      | Reached skill level 4 in Transmutations
  2598 | D:4      | Reached XP level 5. HP: 18/33 MP: 7/9
  2783 | D:4      | Found a staircase to the Ecumenical Temple.
  3012 | Temple   | Entered the Ecumenical Temple
  3094 | Temple   | Became a worshipper of Ashenzari the Shackled
  3460 | D:4      | Reached XP level 6. HP: 35/38 MP: 8/10
  3488 | D:4      | Learned a level 2 spell: Sticks to Snakes
  3492 | D:4      | Learned a level 3 spell: Spider Form
  3498 | D:4      | Learned a level 5 spell: Blade Hands
  3768 | D:5      | Entered Level 5 of the Dungeon
  3778 | D:5      | Found a shadowy altar of Dithmenos.
  3827 | D:5      | Found a basalt altar of Yredelemnul.
  3850 | D:5      | Found Juggoen's Gadget Shoppe.
  3936 | D:5      | Noticed a phantom
  3970 | D:5      | Killed a phantom
  3970 | D:5      | Reached skill level 5 in Transmutations
  4084 | D:5      | Reached XP level 7. HP: 29/43 MP: 6/12
  4717 | D:5      | Found a stormy altar of Qazlal.
  4777 | D:5      | Found a bloodstained altar of Trog.
  4784 | D:5      | Reached skill level 6 in Transmutations
  5318 | D:6      | Reached XP level 8. HP: 37/48 MP: 12/14
  5636 | D:6      | Reached * piety under Ashenzari
  5754 | D:6      | Reached skill level 5 in Dodging
  5754 | D:6      | Reached skill level 7 in Transmutations
  5833 | D:6      | Learned a level 4 spell: Ice Form
  6352 | D:6      | Reached skill level 5 in Spellcasting
  6971 | D:7      | Noticed Pikel
  6997 | D:7      | Killed Pikel
  6997 | D:7      | Reached skill level 8 in Transmutations
  6997 | D:7      | Reached XP level 9. HP: 29/53 MP: 14/17
  7198 | D:7      | Found an iron altar of Okawaru.
  7658 | D:7      | Found a white marble altar of Elyvilon.
  7719 | D:7      | Reached skill level 9 in Transmutations
  8219 | D:7      | Found a deep blue altar of Sif Muna.
  8581 | D:8      | Found Dyolub's Antique Armour Emporium.
  8583 | D:8      | Noticed Erica
  8849 | D:8      | Killed Erica
  8849 | D:8      | Reached skill level 10 in Transmutations
  8849 | D:8      | Reached XP level 10. HP: 43/58 MP: 16/20
  8973 | D:8      | Found a sparkling altar of Nemelex Xobeh.
  9334 | D:8      | Found a radiant altar of Vehumet.
  9413 | D:9      | Reached ** piety under Ashenzari
  9428 | D:9      | Noticed a two-headed ogre
  9741 | D:9      | Mangled by a two-headed ogre

Skill      XL: |  1  2  3  4  5  6  7  8  9 |
---------------+----------------------------+-----
Transmutations | 3 4 5 6 8 10 | 10.2
Dodging        | 3 4 6 7 |  7.3
Spellcasting   | 3 4 5 6 |  6.8
Fighting       | |  1.0
Unarmed Combat | |  3.0

Action                   |  1- 3 |  4- 6 |  7- 9 | 10-12 || total
-------------------------+-------+-------+-------+-------++-------
Melee: Unarmed           |    75 |    69 |   218 |    33 ||   395
       Constrict         |    28 |    19 |    40 |     4 ||    91
       Tentacles         |    13 |    12 |    35 |     3 ||    63
       Kick              |    18 |    20 |    51 |     9 ||    98
       Punch             |     2 |     1 |     8 |     1 ||    12
 Cast: Beastly Appendage |    17 |    10 |    24 |     4 ||    55
       Blade Hands       |       |     2 |     6 |     1 ||     9
       Spider Form       |       |     2 |    10 |     2 ||    14
Invok: Curse Item        |       |     2 |       |       ||     2
  Use: Scroll            |     3 |       |     1 |     1 ||     5
 Stab: Sleeping          |     8 |     4 |     4 |       ||    16
  Eat: Chunk             |     4 |     5 |    14 |     2 ||    25
       Ration            |       |     1 |     1 |       ||     2
Armor: Skin              |    10 |     3 |     5 |     1 ||    19
Dodge: Dodged            |    44 |    48 |   170 |    32 ||   294
